 Dungeon Crawl Stone Soup version 0.21.1-1-g345015f (webtiles) character file.

1376 LairdRich the Chopper (level 8, -20/51 HPs)
             Began as a Gargoyle Fighter on June 17, 2018.
             Was an Initiate of Okawaru.
             Killed from afar by Boondog's ghost (21 damage)
             ... with a stone arrow
             ... on level 6 of the Dungeon.
             The game lasted 00:24:29 (5522 turns).

LairdRich the Chopper (Gargoyle Fighter)            Turns: 5522, Time: 00:24:30

Health: -20/51     AC: 17    Str: 20    XL:     8   Next: 66%
Magic:  8/8        EV:  6    Int:  9    God:    Okawaru [......]
Gold:   328        SH: 10    Dex: 11    Spells: 7/7 levels left

rFire    . . .     SeeInvis .   a - +0 broad axe
rCold    . . .     Gourm    .   c - +0 shield
rNeg     + . .     Faith    .   k - +0 chain mail
rPois    ∞         Spirit   .   e - +0 helmet
rElec    +         Reflect  .   (no cloak)
rCorr    .         Harm     .   (no gloves)
MR       .....                  (no boots)
Stlth    ..........             (no amulet)
HPRegen  0.17/turn              (no ring)
MPRegen  0.11/turn              (no ring)

@: no status effects
A: negative energy resistance 1, electricity resistance, unbreathing,
petrification resistance, rot immunity, AC +5
a: Renounce Religion


You were on level 6 of the Dungeon.
You worshipped Okawaru.
Okawaru was noncommittal.
You were not hungry.

You visited 1 branch of the dungeon, and saw 6 of its levels.
You also visited: Sewer.

You collected 328 gold pieces.

Inventory:

Hand Weapons
 a - a +0 broad axe (weapon)
Armour
 c - a +0 shield (worn)
 e - a +0 helmet (worn)
 k - a +0 chain mail (worn)
Wands
 n - a wand of polymorph (5)
Scrolls
 j - 3 scrolls of identify
 m - a scroll of magic mapping
 r - a scroll of enchant armour {unknown}
 s - 2 scrolls of teleportation
 t - a scroll of blinking
Potions
 b - 3 potions of heal wounds {unknown}
 d - 2 potions of might
 g - 2 potions of brilliance {unknown}
 i - 3 potions of magic {unknown}
 l - 4 potions of haste
 o - 2 potions of mutation {unknown}
 p - 3 potions of curing {unknown}
 q - a potion of agility {unknown}
Comestibles
 f - 5 rations
 h - 2 chunks of flesh


   Skills:
 + Level 6.0 Fighting
 * Level 6.2 Axes
 + Level 6.1 Armour
 + Level 6.0 Shields


You had 7 spell levels left.
You didn't know any spells.

Dungeon Overview and Level Annotations

Branches:
Dungeon (6/15)             Temple (0/1) D:5

Altars:
Elyvilon
Okawaru
Uskayaw
Xom
Yredelemnul

Annotations:
D:6 Boondog's ghost, novice SpEE


Innate Abilities, Weirdness & Mutations

You are resistant to torment.
Your stone body is resilient. (AC +5)
You are immune to poison.
You resist negative energy. (rN+)
You are resistant to electric shocks. (rElec)
You can survive without breathing.
You are immune to petrification.
You are immune to rotting.


Message History

Boondog's ghost hits you but does no damage.
Boondog's ghost says, "I am smarter than you!"
Boondog's ghost hits you but does no damage.
You barely miss Boondog's ghost. Boondog's ghost hits you.
You barely miss Boondog's ghost. Boondog's ghost casts a spell at you.
You block the blast of sand.
You closely miss Boondog's ghost. You block Boondog's ghost's attack.
Boondog's ghost hits you but does no damage.
You completely miss Boondog's ghost. You block Boondog's ghost's attack.
You closely miss Boondog's ghost.
Boondog's ghost gestures at you while chanting.
The stone arrow hits you!
* * * LOW HITPOINT WARNING * * *
Boondog's ghost casts a spell at you. You block the blast of sand.
You barely miss Boondog's ghost.
Boondog's ghost points at you and mumbles some strange words.
The stone arrow hits you!
You die...

..... ....# #.#.# #.
#... #. #..# #.
#..##### #. #....$.#
#. #W# #.##@# #.#
#....# #.# #..### #.#
#..# #.# #..# #.#
#..# #.# #..## #.#
#...# #.###########
##..#####..†.........


You could see Boondog's ghost.

Vanquished Creatures
  The ghost of Monsterracer the Ruffian, an amateur VSCK of Xom (D:3)
  A water moccasin (D:6)
  2 ogres
  3 big kobolds
  A scorpion (D:5)
  2 howler monkeys
  A crimson imp (D:5)
  A centaur zombie (D:3)
  3 hounds
  2 orc wizards (D:4)
  2 bullfrog skeletons
  5 worker ants (D:4)
  A hound skeleton (D:4)
  2 river rats (Sewer)
  9 adders
  4 oozes (Sewer)
  An adder zombie (D:6)
  3 worms
  A dart slug (D:2)
  5 leopard geckos
  5 orcs
  5 ball pythons
  10 bats
  11 giant cockroaches
  12 hobgoblins
  8 jackals (D:3)
  4 quokkas
  7 frilled lizards
  3 goblins
  25 kobolds
  A leopard gecko skeleton (D:4)
  12 rats
153 creatures vanquished.

Notes
Turn   | Place    | Note
-------+----------+-------------------------------------------
     0 | D:1      | LairdRich the Gargoyle Fighter began the quest for the Orb.
     0 | D:1      | Reached XP level 1. HP: 14/14 MP: 1/1
   255 | D:1      | Reached XP level 2. HP: 19/19 MP: 2/2
   723 | D:1      | Reached XP level 3. HP: 23/23 MP: 3/3
   987 | D:2      | Found a faded altar of an unknown god.
  1428 | D:2      | Reached XP level 4. HP: 6/29 MP: 4/4
  2313 | D:3      | Found a white marble altar of Elyvilon.
  2418 | D:3      | Noticed Monsterracer's ghost (amateur VSCK)
  2435 | D:3      | Killed Monsterracer's ghost
  2435 | D:3      | Reached XP level 5. HP: 28/33 MP: 5/5
  2766 | D:3      | Reached XP level 6. HP: 37/39 MP: 6/6
  3255 | D:4      | Reached XP level 7. HP: 36/44 MP: 7/7
  3327 | D:4      | Reached skill level 5 in Armour
  3453 | D:4      | Found a glowing drain.
  3494 | Sewer    | Entered a sewer
  3831 | Sewer    | Reached skill level 5 in Fighting
  3831 | Sewer    | Reached skill level 5 in Shields
  3969 | Sewer    | Reached skill level 5 in Axes
  4335 | D:4      | Found a hide-covered altar of Uskayaw.
  4337 | D:4      | Reached XP level 8. HP: 49/49 MP: 8/8
  4568 | D:4      | Found an iron altar of Okawaru.
  4626 | D:4      | Became a worshipper of Warmaster Okawaru
  4715 | D:5      | Entered Level 5 of the Dungeon
  4850 | D:5      | Found a shimmering altar of Xom.
  4990 | D:5      | Found a staircase to the Ecumenical Temple.
  5120 | D:5      | Found a basalt altar of Yredelemnul.
  5496 | D:6      | Noticed Boondog's ghost (novice SpEE)
  5521 | D:6      | HP: 1/51 [Boondog's ghost/stone arrow (24)]
  5522 | D:6      | Killed from afar by Boondog's ghost

Skill      XL: |  1  2  3  4  5  6  7  8 |
---------------+-------------------------+-----
Axes           | 2 3 4 5 6 |  6.2
Fighting       | 4 5 6 |  6.0
Armour         | 4 5 6 |  6.1
Shields        | 4 5 6 |  6.0

Action                   |  1- 3 |  4- 6 |  7- 9 || total
-------------------------+-------+-------+-------++-------
Melee: War axe           |   147 |   242 |   249 ||   638
       Broad axe         |       |       |    55 ||    55
  Use: Scroll            |       |     9 |     5 ||    14
  Eat: Chunk             |     1 |     4 |     7 ||    12
       Ration            |     1 |       |     1 ||     2
Armor: Scale mail        |    19 |       |       ||    19
       Chain mail        |    80 |   157 |   214 ||   451
Dodge: Dodged            |    40 |    61 |    55 ||   156
Block: Shield            |    97 |   148 |   176 ||   421
